 Dungeon Crawl Stone Soup version 0.26-b1-32-g5d43845318 (webtiles) character file.

Game seed: 787326943239534573

1272 MajorAdolf the Skirmisher (level 8, -3/73 HPs)
             Began as a Naga Wanderer on Jan 8, 2021.
             Engulfed by a steam dragon's steam (13 damage)
             ... on level 7 of the Dungeon.
             The game lasted 00:14:23 (11353 turns).

MajorAdolf the Skirmisher (Naga Wanderer)          Turns: 11353, Time: 00:14:23

Health: -3/73      AC:  9    Str: 18      XL:     8   Next: 53%
Magic:  8/8        EV:  6    Int: 13      God:
Gold:   298        SH:  0    Dex:  8 (9)  Spells: 6/7 levels left

rFire    . . .     SeeInvis +   o - +0 hand axe (spect)
rCold    . . .     Faith    .   (no shield)
rNeg     . . .     Spirit   .   B - +0 chain mail
rPois    +         Reflect  .   (no helmet)
rElec    .         Harm     .   (no cloak)
rCorr    .         Rampage  .   e - +0 pair of gloves
Will     +....                  (no barding)
Stlth    ..........             i - amulet of magic regeneration
HPRegen  0.22/turn              s - ring of flight
MPRegen  0.36/turn              (no ring)

@: very slow
A: large, see invisible, deformed body, poison resistance, slowness 2, spit
poison 1, AC +2
a: Spit Poison, Evoke Flight


You were on level 7 of the Dungeon.
You visited 1 branch of the dungeon, and saw 7 of its levels.

You collected 373 gold pieces.
You spent 75 gold pieces at shops.

Inventory:

Hand Weapons
 b - a +1 dagger
 o - a +0 spectral hand axe (weapon)
 r - a +0 giant club
 w - a +2 short sword of venom
Missiles
 k - 13 poisoned darts
 n - a throwing net
Armour
 e - a +0 pair of gloves (worn)
 B - a +0 chain mail (worn)
Jewellery
 i - an amulet of magic regeneration (around neck)
 s - a ring of flight (left hand)
 v - an uncursed ring of ice
Wands
 x - a wand of flame (1)
Scrolls
 a - 3 scrolls of amnesia
 c - 2 scrolls of teleportation
 g - a scroll of enchant weapon
 l - 4 scrolls of remove curse
 m - 2 scrolls of magic mapping
 t - a scroll of fog
 u - a scroll of immolation
 z - a scroll of silence
 A - a scroll of enchant armour {unknown}
Potions
 d - a potion of ambrosia
 f - a potion of attraction
 h - a potion of berserk rage {unknown}
 j - a potion of heal wounds
 p - a potion of haste
 q - a potion of curing {unknown}
 C - 2 potions of flight


   Skills:
 + Level 4.7 Fighting
 * Level 4.2 Axes
 + Level 3.8 Armour
 + Level 3.8 Dodging
 - Level 1.5 Stealth
 - Level 3.0 Summonings
 - Level 2.0 Translocations
 - Level 2.0 Transmutations
 - Level 1.3 Poison Magic
 + Level 2.9 Evocations


You had 6 spell levels left.
You knew the following spells:

 Your Spells              Type           Power        Failure   Level
a - Sting                 Tmut/Pois      16%          89%         1

Your spell library contained the following spells:

 Spells                   Type           Power        Failure   Level
 Blink                    Tloc           N/A          95%         2
 Gell's Gravitas          Tloc           2%           99%         3
 Lesser Beckoning         Tloc           2%           99%         3
 Spider Form              Tmut/Pois      2%           99%         3
 Teleport Other           Tloc           5%           99%         3
 Passage of Golubria      Tloc           N/A          100%        4


Dungeon Overview and Level Annotations

Branches:
Dungeon (7/15)             Temple (0/1) D:4

Altars:
Ashenzari
Dithmenos
Elyvilon
Fedhas
Hepliaklqana
Vehumet

Shops:
D:5 ?

Annotations:
D:4 Edmund, Menkaure
D:6 1 runed translucent door, Crazy Yiuf


Innate Abilities, Weirdness & Mutations

You cannot wear boots.
Your serpentine skin is tough. (AC +2)
You have supernaturally acute eyesight. (SInv)
Armour fits poorly on your strangely shaped body.
Your system is resistant to poisons. (rPois)
You cover ground very slowly.
You can spit poison.


Message History

You are too injured to fight recklessly!
Unknown command.
The steam dragon bites you.
The steam dragon claws you but does no damage.
Unknown command.
You hit the steam dragon.
The steam dragon is severely wounded.
Your spectral weapon closely misses the steam dragon.
The steam dragon bites you but does no damage.
The steam dragon claws you but does no damage.
You hit the steam dragon but do no damage.
The steam dragon is severely wounded.
Your spectral weapon closely misses the steam dragon.
The steam dragon breathes steam at you. The ball of steam hits you!!
* * * LOW HITPOINT WARNING * * *
You hit the steam dragon.
The steam dragon is almost dead.
You are engulfed in a cloud of scalding steam.
You die...

######
.....#######..
..........##..
.....####.##..
.....# #.##..
.....# #.##..##
####.#
#.#....#########
#.#
#.#.#...@.(.....
#.#
#.#.##..D.....##
####.#
#.#.....(.......
.....#
#.#.##........##
######
#...............
###.###..#..###.
#### #.#....#.[#
...# #.##.#.#..#
...# #.##.#.#..#


You could see a steam dragon (catching breath) and a friendly +0 spectral hand
axe (summoned).

Vanquished Creatures
  2 ogres
  An orc warrior (D:7)
  A bullfrog (D:6)
  4 wights (D:7)
  A centaur zombie (D:6)
  2 hounds
  A quasit (D:6)
  An orc priest (D:3)
  A gnoll shaman (D:4)
  A bullfrog skeleton (D:5)
  A centaur skeleton (D:5)
  4 orc wizards
  Natasha (thrice) (D:2)
  An iguana (D:7)
  2 worker ants
  A worker ant zombie (D:5)
  10 gnolls
  6 adders
  A shadow imp (D:7)
  A white imp (D:7)
  An ufetubus (D:7)
  A leopard gecko (D:6)
  14 orcs
  2 ball pythons
  6 giant cockroaches
  13 goblins
  12 hobgoblins
  4 jackals (D:7)
  4 kobolds
  11 bats
  7 frilled lizards
  A leopard gecko zombie (D:5)
  9 rats
130 creatures vanquished.

Vanquished Creatures (others)
  2 plants (D:4)
2 creatures vanquished.

Grand Total: 132 creatures vanquished

Notes
Turn   | Place    | Note
-------+----------+-------------------------------------------
     0 | D:1      | MajorAdolf the Naga Wanderer began the quest for the Orb.
     0 | D:1      | MajorAdolf set off with the following items: a +0 club, a
                  | scroll of teleportation, a +0 robe; and the following spell
                  | memorised: Sting; and the following spells available to
                  | memorise: Blink, Gell's Gravitas, Lesser Beckoning,
                  | Teleport Other, Spider Form, Passage of Golubria
     0 | D:1      | Reached XP level 1. HP: 15/15 MP: 1/1
   403 | D:1      | Reached skill level 1 in Fighting
   596 | D:1      | Reached XP level 2. HP: 24/25 MP: 2/2
  1290 | D:1      | Reached XP level 3. HP: 30/31 MP: 3/3
  1334 | D:1      | Reached skill level 1 in Dodging
  1421 | D:1      | Reached skill level 1 in Armour
  1819 | D:2      | Found a blossoming altar of Fedhas.
  1827 | D:2      | Noticed Natasha
  1835 | D:2      | Killed Natasha
  1836 | D:2      | Reached XP level 4. HP: 27/39 MP: 4/4
  2640 | D:2      | Noticed Natasha
  2653 | D:2      | Killed Natasha
  2756 | D:2      | Noticed Natasha
  2791 | D:2      | Killed Natasha
  2792 | D:2      | Reached XP level 5. HP: 27/46 MP: 5/5
  4892 | D:3      | Reached XP level 6. HP: 56/56 MP: 6/6
  5107 | D:3      | Found a shadowy altar of Dithmenos.
  5461 | D:4      | Noticed Menkaure
  5462 | D:4      | Noticed Edmund
  5615 | D:5      | Entered Level 5 of the Dungeon
  6224 | D:4      | Found a hazy altar of Hepliaklqana.
  6636 | D:5      | Reached skill level 1 in Axes
  6717 | D:5      | Reached XP level 7. HP: 63/63 MP: 7/7
  6718 | D:5      | Found a radiant altar of Vehumet.
  6860 | D:5      | Found Ryev Isk's Magic Scroll Shop.
  6863 | D:5      | Bought a scroll of silence for 75 gold pieces
  7161 | D:5      | Found a white marble altar of Elyvilon.
  8743 | D:6      | Got a slimy chain mail
  8754 | D:6      | Identified the cursed +1 chain mail of Uzal {Rampage rElec
                  | rCorr Dex-5} (You found it on level 6 of the Dungeon)
  8754 | D:6      | Lost dexterity.
  8922 | D:6      | Found a runed translucent door.
  8923 | D:6      | Noticed Crazy Yiuf
  9322 | D:7      | Reached XP level 8. HP: 23/67 MP: 8/8
 11264 | D:7      | Found a broken altar of Ashenzari.
 11353 | D:7      | Engulfed by a steam dragon's steam

Illustrated notes

Levels and vault maps discovered:
D:1:      minmay_arrival_plants_in_alcoves, layout_loops_ring
D:2:      layout_basic, lemuel_round_altar, uniq_natasha
D:3:      layout_rooms, nicolae_dithmenos_shadow_blocks
D:4:      layout_cave_pods, nzn_hepliaklqana_mist_gate,
          minmay_temple_entry_enclosed_plants, solitary_fountain,
          grunt_ministairs_13, minmay_goblin_kobold_house, uniq_grinder,
          uniq_menkaure, uniq_edmund
D:5:      layout_basic, lemuel_round_altar, vehumet_altar_wand_db, serial_shops,
          nicolae_shop_behind_doors
D:6:      layout_loops_ring, uniq_crazy_yiuf_cottage
D:7:      layout_basic, nicolae_ashenzari_panopticon, trog_book

Skill      XL: |  1  2  3  4  5  6  7  8 |
---------------+-------------------------+-----
Fighting       | 1 2 3 4 |  4.7
Dodging        | 1 2 3 |  3.8
Armour         | 1 2 3 |  3.8
Axes           | 1 3 4 |  4.2
Evocations     | 2 |  2.9
Stealth        | |  1.5
Summonings     | |  3.0
Translocations | |  2.0
Transmutations | |  2.0
Poison Magic   | |  1.3

Action                   |  1- 3 |  4- 6 |  7- 9 || total
-------------------------+-------+-------+-------++-------
Melee: Club              |    17 |       |       ||    17
       Dagger            |   140 |   330 |       ||   470
       Hand axe          |       |    41 |   246 ||   287
 Cast: Sting             |       |     4 |     3 ||     7
 Abil: Spit Poison       |     4 |    40 |    11 ||    55
Evoke: Wand              |       |       |    22 ||    22
  Use: Scroll            |       |    10 |     7 ||    17
       Potion            |       |     3 |     1 ||     4
 Stab: Sleeping          |     1 |       |       ||     1
Armor: Robe              |    26 |       |       ||    26
       Ring mail         |    55 |   152 |    10 ||   217
       Skin              |       |    30 |       ||    30
       Chain mail        |       |       |   257 ||   257
Dodge: Dodged            |   110 |   214 |   122 ||   446
